 Dungeon Crawl Stone Soup version 0.27.1-1-g398f81649c (webtiles) character file.

Game seed: 12563707233493085428

25096 ZARRMARR the Covert (level 13, -3/92 HPs)
             Began as an Octopode Brigand on Sept 8, 2021.
             Was a High Priest of Okawaru.
             Killed from afar by a deep troll earth mage (34 damage)
             ... with a blast of rock fragments
             ... on level 13 of the Dungeon on Sept 9, 2021.
             The game lasted 01:14:20 (16645 turns).

ZARRMARR the Covert (Octopode Brigand)             Turns: 16645, Time: 01:14:20

Health: -3/92      AC:  3    Str: 18    XL:     13   Next: 17%
Magic:  0/20       EV: 22    Int: 17    God:    Okawaru [*****.]
Gold:   795        SH: 14    Dex: 19    Spells: 12/12 levels left

rFire    + . .     SeeInvis +   J - +7 short sword
rCold    + + .     Faith    .   Q - +2 kite shield {rC+}
rNeg     + . .     Spirit   +   R - -2 hat of the Alchemist {rElec rPois rF+ rC+ rN+ Will+ rMut rCorr}
rPois    +         Reflect  .   z - amulet of guardian spirit
rElec    +         Harm     .   d - +6 ring of dexterity
rCorr    +         Rampage  .   f - ring of see invisible
rMut     +                      B - +6 ring of strength
Will     +....                  D - +4 ring of protection
Stlth    ++++++++..             (no ring)
HPRegen  0.25/turn              (no ring)
MPRegen  0.17/turn              (no ring)
                                (no ring)

@: heroic, finesse-ful
A: almost no armour, amphibious, 8 rings, camouflage 1, gelatinous body 1,
(nimble swimmer 1), tentacles
a: Renounce Religion, Heroism, Finesse


You were on level 13 of the Dungeon.
You worshipped Okawaru.
Okawaru was extremely pleased with you.
You visited 2 branches of the dungeon, and saw 14 of its levels.

You collected 795 gold pieces.

Inventory:

Hand Weapons
 J - a +7 short sword (weapon)
Missiles
 b - 14 poisoned darts (quivered)
 c - 2 curare-tipped darts
 y - 5 javelins
 F - 4 boomerangs
 I - a throwing net
Armour
 Q - a +2 kite shield of cold resistance (worn)
 R - the -2 hat of the Alchemist (worn) {rElec rPois rF+ rC+ rN+ Will+ rMut rCorr}
   (You found it on level 12 of the Dungeon)

   rF:        It protects you from fire.
   rC:        It protects you from cold.
   rElec:     It insulates you from electricity.
   rPois:     It protects you from poison.
   rN:        It protects you from negative energy.
   rCorr:     It protects you from acid and corrosion.
   rMut:      It protects you from mutation.
   Will:      It increases your willpower.
Jewellery
 d - a +6 ring of dexterity (left tentacle)
 f - a ring of see invisible (right tentacle)
 z - an amulet of guardian spirit (around mantle)
 B - a +6 ring of strength (on tentacle)
 D - a +4 ring of protection (on tentacle)
Wands
 r - a wand of flame (27)
 s - a wand of charming (9)
 G - a wand of iceblast (17)
 H - a wand of mindburst (10)
 M - a wand of polymorph (19)
 S - a wand of digging (8)
Scrolls
 g - a scroll of holy word
 i - 5 scrolls of amnesia
 l - a scroll of fear
 n - a scroll of noise {unknown}
 u - 2 scrolls of magic mapping {unknown}
 w - 2 scrolls of brand weapon {unknown}
 x - a scroll of silence {unknown}
 C - a scroll of vulnerability {unknown}
 L - 2 scrolls of fog
 N - a scroll of immolation {unknown}
Potions
 a - a potion of ambrosia {unknown}
 e - 2 potions of magic {unknown}
 h - 13 potions of curing {unknown}
 k - 2 potions of lignification {unknown}
 o - 2 potions of degeneration {unknown}
 p - 2 potions of invisibility {unknown}
 q - a potion of might
 t - 2 potions of flight {unknown}
 v - a potion of heal wounds {unknown}
 A - a potion of mutation {unknown}
 E - 2 potions of resistance {unknown}
 K - a potion of cancellation {unknown}
 P - 2 potions of brilliance {unknown}
 T - a potion of berserk rage {unknown}
 U - a potion of attraction {unknown}
Miscellaneous
 m - a lightning rod (4/4)
 O - a tin of tremorstones (2/2)


   Skills:
 + Level 10.0(15.0) Fighting
 + Level 10.2(15.2) Short Blades
 - Level 2.1(7.1) Throwing
 + Level 9.9(14.9) Dodging
 + Level 14.3(19.3) Stealth
 + Level 3.9(8.9) Shields
 + Level 9.8 Invocations


You had 12 spell levels left.
You didn't know any spells.
Your spell library contained the following spells:

 Spells                   Type           Power      Damage    Failure   Level
 Corona                   Hex            0%         N/A       45%         1
 Magic Dart               Conj           0%         1d3       45%         1
 Sting                    Tmut/Pois      0%         1d3       45%         1
 Blink                    Tloc           N/A        N/A       61%         2
 Corpse Rot               Necr/Air       N/A        N/A       61%         2
 Ensorcelled Hibernation  Hex/Ice        0%         N/A       61%         2
 Poisonous Vapours        Pois/Air       0%         N/A       61%         2
 Searing Ray              Conj           0%         3d3       61%         2
 Slow                     Hex            0%         N/A       61%         2
 Sublimation of Blood     Necr           0%         N/A       61%         2
 Confusing Touch          Hex            0%         N/A       83%         3
 Dazzling Flash           Conj/Hex       0%         N/A       83%         3
 Gell's Gravitas          Tloc           0%         N/A       83%         3
 Ozocubu's Armour         Ice            0%         N/A       83%         3
 Portal Projectile        Hex/Tloc       0%         N/A       83%         3
 Teleport Other           Tloc           0%         N/A       83%         3
 Tukima's Dance           Hex            0%         N/A       83%         3
 Dispel Undead            Necr           0%         3d6       99%         4
 Fulminant Prism          Conj/Hex       0%         3d6       99%         4
 Iskenderun's Mystic Bla  Conj/Tloc      0%         2d3       99%         4
 Olgreb's Toxic Radiance  Pois           0%         N/A       99%         4
 Petrify                  Tmut/Erth      0%         N/A       99%         4
 Blade Hands              Tmut           0%         N/A       100%        5
 Excruciating Wounds      Necr           0%         N/A       100%        5
 Irradiate                Conj/Tmut      0%         3d13      100%        5
 Manifold Assault         Tloc           0%         N/A       100%        5
 Metabolic Englaciation   Hex/Ice        0%         N/A       100%        5
 Yara's Violent Unravell  Hex/Tmut       0%         3d3       100%        5
 Death Channel            Necr           0%         N/A       100%        6
 Dispersal                Tloc           0%         N/A       100%        6
 Simulacrum               Ice/Necr       0%         N/A       100%        6
 Starburst                Conj/Fire      0%         6d3       100%        6
 Storm Form               Tmut/Air       0%         N/A       100%        7
 Disjunction              Tloc           0%         N/A       100%        8


Dungeon Overview and Level Annotations

Branches:
Dungeon (13/15)            Temple (1/1) D:4            Lair (0/6) D:8
    Orc (0/2) D:10         Vaults (0/5) D:13

Altars:
Ashenzari
Cheibriados
Dithmenos
Elyvilon
Fedhas
Gozag
Hepliaklqana
Kikubaaqudgha
Makhleb
Nemelex Xobeh
Okawaru
Qazlal
Ru
Sif Muna
Trog
Uskayaw
Vehumet
Wu Jian
Xom
Yredelemnul
Zin
The Shining One

Shops:
D:13 =

Annotations:
D:10 DemonSlayer's ghost, journeyman HuBe
D:13 1 runed translucent door, cahman's ghost, journeyman HOMo


Innate Abilities, Weirdness & Mutations

You cannot wear most types of armour.
You are amphibious.
You can wear up to eight rings at the same time.
Your skin changes colour to match your surroundings (Stealth+).
Your rubbery body absorbs attacks. (AC +1, EV +1)
((You are camouflaged near water. (Stealth+)))
You have tentacles for arms and can constrict up to eight enemies at once.


Message History

Okawaru accepts your kill.
Your surroundings seem slightly different.
You feel like a meek peon again.
You hear a grinding noise.
There is an abandoned shop here.
There is an entrance to Sasmuph's Jewellery Boutique here.
You see here a +0 scimitar.
You hear a grinding noise.
You hear a grinding noise.
There is a stone staircase leading down here.
You start resting.
A deep troll earth mage is nearby!
You closely miss the deep troll earth mage.
You hit the deep troll earth mage.
Your squeeze misses the deep troll earth mage.
The deep troll earth mage is lightly wounded.
You block the deep troll earth mage's attack.
The deep troll earth mage claws you.
You block the deep troll earth mage's attack.
You barely miss the deep troll earth mage.
The deep troll earth mage is lightly wounded.
You hit the deep troll earth mage but do no damage.
The deep troll earth mage is lightly wounded.
You hit the deep troll earth mage but do no damage.
The deep troll earth mage is lightly wounded.
The deep troll earth mage bites you! The deep troll earth mage claws you!!
You block the deep troll earth mage's attack.
You gain the combat prowess of a mighty hero.
The deep troll earth mage casts a spell past you.
The wall shatters!
The blast of rock fragments hits you!!
* * * LOW HITPOINT WARNING * * *
As you read the scroll of fear, it crumbles to dust.
You assume a fearsome visage.
The deep troll earth mage looks frightened!
You hear a grinding noise.
You hear a grinding noise.
You hear a grinding noise.
The deep troll earth mage casts a spell past you.
The wall shatters!
The blast of rock fragments hits you!!!
You die...

≈≈.....##..##.# #............#
≈≈≈≈##.#...##)####............#
.......#.#.##........#####.####
.≈≈≈≈###.#.#...##....# #...####
.≈≈≈≈##≈...#.#.##....#######.#...
.≈...#≈≈≈###...##..........#.#.##
..........................)).)...
.....)....≈###.#......[....#.#.##
≈#.≈.≈≈≈≈.≈≈##.#@.##########.#.#
##.≈.≈≈≈≈..≈≈#.#.## #.....#.#
#≈.≈...≈≈≈.≈≈#...# #.##..#.##
#≈.≈≈≈.≈≈≈..≈#.#.### #.#...#...
##..)≈.≈≈≈≈.≈..#.#<# ###.#######.
≈##≈.≈......T#.#.#.# #.......###.
≈≈##.≈..≈≈≈..#.#.#.# #.#.###.#...
≈≈<#.≈..≈≈≈....#.#.# #.#.# #.#.##
.#...#..≈≈≈.≈..#.#.# #.#.# #.#.#


You could see a deep troll earth mage.

Vanquished Creatures
  An ice dragon (D:13)
  2 boulder beetles
  A hydra (D:12)
  2 centaur warriors (D:13)
  6 two-headed ogres
  A deep troll (D:13)
  A deep elf pyromancer (D:13)
  Pikel (D:6)
  3 cyclopes
  2 gargoyles (D:13)
  A yaktaur (D:13)
  Psyche (D:10)
  An unseen horror (D:12)
  2 kobold demonologists
  A komodo dragon (D:8)
  3 trolls
  A meliai zombie (D:11)
  A shadow (D:10)
  21 yaks
  3 vampires
  5 wraiths
  2 water elementals
  A wyvern (D:9)
  2 steam dragons
  9 vampire mosquitoes (D:12)
  An acid dragon (D:11)
  A water moccasin (D:6)
  A hornet zombie (D:8)
  3 orc warriors
  A black bear (D:8)
  2 ogres
  2 ice beasts
  4 necrophages
  7 centaurs
  A lemure (D:6)
  A kobold brigand (D:9)
  6 bullfrogs
  A gnoll sergeant (D:10)
  2 scorpions
  A wyvern skeleton (D:5)
  2 water moccasin skeletons
  6 killer bees
  2 vampire bats (D:3)
  16 wights
  3 howler monkeys (D:11)
  2 electric eels (D:13)
  A bullfrog zombie (D:5)
  3 centaur zombies
  2 orc priests
  3 hounds
  A centaur skeleton (D:5)
  3 jellies
  3 iguanas
  Jessica (D:3)
  11 orc wizards
  A killer bee zombie (D:7)
  3 howler monkey zombies
  3 gnolls (D:10)
  7 adders
  A shadow imp (D:8)
  A white imp (D:8)
  An ufetubus (D:6)
  An adder zombie (D:5)
  An adder skeleton (D:4)
  4 worms
  A dart slug (D:4)
  60 orcs
  5 ball pythons
  5 bats
  2 bat skeletons (D:3)
  3 bat zombies (D:3)
  6 endoplasms
  6 giant cockroaches
  13 goblins
  14 hobgoblins
  A jackal (D:3)
  10 kobolds
  6 quokkas
  8 frilled lizards
  5 rats
335 creatures vanquished.

Vanquished Creatures (others)
  20 plants
20 creatures vanquished.

Grand Total: 355 creatures vanquished

Notes
Turn   | Place    | Note
-------+----------+-------------------------------------------
     0 | D:1      | ZARRMARR the Octopode Brigand began the quest for the Orb.
     0 | D:1      | Reached XP level 1. HP: 14/14 MP: 1/1
   173 | D:1      | Reached XP level 2. HP: 7/19 MP: 2/2
   738 | D:1      | Reached XP level 3. HP: 24/24 MP: 3/3
   936 | D:2      | Reached skill level 6 in Stealth
  1029 | D:2      | Reached XP level 4. HP: 30/30 MP: 4/4
  1682 | D:3      | Noticed Jessica
  1688 | D:3      | Killed Jessica
  1839 | D:3      | Found a basalt altar of Yredelemnul.
  1860 | D:3      | Reached XP level 5. HP: 36/36 MP: 5/5
  2050 | D:3      | Found an ancient bone altar of Kikubaaqudgha.
  2500 | D:4      | Reached XP level 6. HP: 42/42 MP: 6/6
  2573 | D:4      | Noticed a necrophage
  2580 | D:4      | Killed a necrophage
  2581 | D:4      | Reached skill level 7 in Stealth
  2737 | D:4      | Found a staircase to the Ecumenical Temple.
  2754 | Temple   | Entered the Ecumenical Temple
  2818 | Temple   | Became a worshipper of Warmaster Okawaru
  3317 | D:4      | Reached XP level 7. HP: 47/47 MP: 7/7
  3771 | D:5      | Entered Level 5 of the Dungeon
  3945 | D:5      | Reached * piety under Okawaru
  4191 | D:5      | Reached skill level 8 in Stealth
  4578 | D:5      | Reached skill level 1 in Invocations
  4795 | D:5      | Reached XP level 8. HP: 45/54 MP: 7/9
  4877 | D:5      | Found a faded altar of an unknown god.
  4877 | D:5      | Found a glowing silver altar of Zin.
  4889 | D:5      | Found a faded altar of an unknown god.
  4891 | D:5      | Found a burning altar of Makhleb.
  5019 | D:5      | Found a shadowy altar of Dithmenos.
  5159 | D:5      | Found an opulent altar of Gozag.
  5161 | D:5      | Found a shimmering blue altar of Sif Muna.
  5161 | D:5      | Found an ornate altar of the Wu Jian Council.
  5171 | D:5      | Found a radiant altar of Vehumet.
  5171 | D:5      | Found a hazy altar of Hepliaklqana.
  5171 | D:5      | Found a shimmering altar of Xom.
  5393 | D:6      | Noticed Pikel
  5422 | D:6      | Killed Pikel
  5422 | D:6      | Reached ** piety under Okawaru
  5423 | D:6      | Reached skill level 5 in Fighting
  5423 | D:6      | Reached skill level 5 in Short Blades
  5423 | D:6      | Reached skill level 9 in Stealth
  5594 | D:6      | Reached skill level 5 in Dodging
  5781 | D:6      | Reached XP level 9. HP: 61/61 MP: 11/11
  5791 | D:6      | Reached *** piety under Okawaru
  7130 | D:7      | Reached skill level 10 in Stealth
  7268 | D:7      | Noticed a troll
  7277 | D:7      | Killed a troll
  7301 | D:7      | Noticed a two-headed ogre
  7307 | D:7      | Killed a two-headed ogre
  7307 | D:7      | Reached **** piety under Okawaru
  7308 | D:7      | Reached skill level 5 in Invocations
  7308 | D:7      | Reached XP level 10. HP: 69/69 MP: 10/13
  7544 | D:7      | Found an ornate altar of the Wu Jian Council.
  7893 | D:8      | Reached skill level 11 in Stealth
  8264 | D:8      | Found a staircase to the Lair.
  8886 | D:8      | Found a sacrificial altar of Ru.
 10020 | D:9      | Noticed a two-headed ogre
 10060 | D:9      | Killed a two-headed ogre
 10060 | D:9      | Reached ***** piety under Okawaru
 10060 | D:9      | Received a gift from Okawaru
 10061 | D:9      | Reached skill level 12 in Stealth
 10061 | D:9      | Reached XP level 11. HP: 11/77 MP: 3/16
 10527 | D:10     | Entered Level 10 of the Dungeon
 10689 | D:10     | Noticed Psyche
 10699 | D:10     | Killed Psyche
 11154 | D:10     | Found a staircase to the Orcish Mines.
 11407 | D:10     | Found a runed translucent gate.
 11408 | D:10     | Found a runed translucent gate.
 11409 | D:10     | Found a runed translucent gate.
 11410 | D:10     | Noticed DemonSlayer's ghost (journeyman HuBe)
 11666 | D:10     | Found a broken altar of Ashenzari.
 12085 | D:11     | Noticed a boulder beetle
 12104 | D:11     | Killed a boulder beetle
 12830 | D:11     | Noticed a two-headed ogre
 12850 | D:11     | Killed a two-headed ogre
 12904 | D:11     | Reached skill level 13 in Stealth
 13172 | D:11     | Noticed a two-headed ogre
 13187 | D:11     | Killed a two-headed ogre
 13188 | D:11     | Reached XP level 12. HP: 67/85 MP: 13/18
 13671 | D:12     | Noticed a two-headed ogre
 13675 | D:12     | Killed a two-headed ogre
 13675 | D:12     | Received a gift from Okawaru
 13870 | D:12     | Received a gift from Okawaru
 13927 | D:12     | Noticed a seven-headed hydra
 13931 | D:12     | Killed a seven-headed hydra
 14028 | D:12     | Reached skill level 1 in Shields
 14165 | D:12     | Found a shimmering blue altar of Sif Muna.
 14502 | D:12     | Found the -2 hat of the Alchemist {rElec rPois rF+ rC+ rN+
                  | Will+ rMut rCorr}
 15275 | D:13     | Noticed a two-headed ogre
 15281 | D:13     | Killed a two-headed ogre
 15299 | D:13     | Noticed a centaur warrior
 15315 | D:13     | Killed a centaur warrior
 15566 | D:13     | Found Sasmuph's Jewellery Boutique.
 15570 | D:13     | Noticed a boulder beetle
 15578 | D:13     | Killed a boulder beetle
 15579 | D:13     | Reached skill level 14 in Stealth
 15633 | D:13     | Found a runed translucent door.
 15638 | D:13     | Noticed a deep troll earth mage
 15639 | D:13     | Noticed a lich
 15640 | D:13     | Noticed cahman's ghost (journeyman HOMo)
 15643 | D:13     | Found a runed translucent door.
 15860 | D:13     | Noticed a centaur warrior
 15881 | D:13     | Killed a centaur warrior
 15882 | D:13     | Reached skill level 10 in Short Blades
 15882 | D:13     | Reached XP level 13. HP: 38/92 MP: 3/20
 16181 | D:13     | Noticed an ice dragon
 16184 | D:13     | Reached skill level 10 in Fighting
 16186 | D:13     | Killed an ice dragon
 16193 | D:13     | Received a gift from Okawaru
 16246 | D:13     | Found a gate to the Vaults.
 16253 | D:13     | Identified the +4 mace "Jiddi" {speed, *Rage Str+10}
 16645 | D:13     | Killed from afar by a deep troll earth mage

Illustrated notes

Levels and vault maps discovered:
D:1:      lightli_arrival_isolated_outpost, layout_rooms, minmay_bisected
D:2:      layout_basic
D:3:      wad_crossroads, layout_loops_ring, kennysheep_vampire_church,
          general_overflow_altar, uniq_jessica
D:4:      layout_loops_ring, minmay_temple_entry_mini_moons, serial_bayou,
          serial_bayou_lagoon_a, serial_bayou_crossing, serial_bayou_pond_b,
          serial_bayou_pond_a, hangedman_decor_lopped
D:5:      corexii_shack_village, layout_gridville, doesnt_xom_only_xom,
          chequers_temple_overflow_minitemple, glass_columns_b
D:6:      layout_basic, uniq_pikel
D:7:      layout_rooms, mainiacjoe_overflow_tiny_flanked
D:8:      layout_rooms, nicolae_ru_path_of_blood, david_lair_shrubbed,
          kennysheep_diamond
D:9:      layout_loops_corners
D:10:     layout_cave_pools, mainiacjoe_overflow_surrounded_room,
          hiddenorc2_lemuel, ebering_ghost_rock_garden, chequers_mini_garden,
          uniq_psyche
D:11:     layout_irregular_city, kennysheep_potato
D:12:     layout_stronghold, led_sif_pool
D:13:     layout_basic, david_vaults_4, serial_shops,
          nicolae_shop_competitors_out_of_business, muffindrake_ghost_dual_entry
Temple:   nicolae_temple_god_jail

Skill      XL: |  1  2  3  4  5  6  7  8  9 10 11 12 13 |
---------------+----------------------------------------+-----
Stealth        | 6 7 8 9 10 12 13 14 | 14.3
Short Blades   | 3 4 5 6 8 9 10 | 10.2
Dodging        | 2 3 4 5 6 7 8 9 |  9.9
Fighting       | 3 4 5 6 7 9 10 | 10.0
Invocations    | 1 3 5 7 8 9 |  9.8
Shields        | 3 |  3.9
Throwing       | |  2.1

Action                   |  1- 3 |  4- 6 |  7- 9 | 10-12 | 13-15 || total
-------------------------+-------+-------+-------+-------+-------++-------
Melee: Dagger            |    55 |    99 |   212 |   434 |       ||   800
       Constrict         |    11 |    24 |    36 |    85 |       ||   156
       Tentacles         |     8 |    25 |    50 |   225 |     8 ||   316
       Punch             |       |       |     2 |    35 |     1 ||    38
       Short sword       |       |       |       |   227 |    34 ||   261
Throw: Dart              |       |       |       |    28 |       ||    28
       Boomerang         |       |       |       |    13 |       ||    13
       Javelin           |       |       |       |     1 |       ||     1
Invok: Heroism           |       |       |     6 |    30 |     3 ||    39
       Finesse           |       |       |       |     2 |     1 ||     3
Evoke: Wand              |       |       |       |     1 |       ||     1
  Use: Scroll            |     1 |       |     1 |     9 |     2 ||    13
 Stab: Sleeping          |    13 |    23 |    18 |    35 |     4 ||    93
       Distracted        |       |     1 |       |     1 |       ||     2
Armor: Skin              |    10 |     5 |     3 |    50 |       ||    68
Dodge: Dodged            |    36 |    47 |    97 |   380 |     6 ||   566
Block: Kite shield       |       |       |       |    79 |    20 ||    99
